 Dungeon Crawl Stone Soup version 0.29-a0-575-g0dc89cf053 (webtiles) character file.

Game seed: 16743491455010823577

24 blackman the Sneak (level 3, -2/29 HPs)
             Began as a Human Delver on June 13, 2022.
             Slain by an orc
             ... wielding a +0 whip
              (6 damage)
             ... in the Ecumenical Temple.
             The game lasted 00:01:53 (24 turns).

blackman the Sneak (Human Delver)                     Turns: 24, Time: 00:01:53

Health: -2/29      AC:  3    Str: 14    XL:     3   Next: 15%
Magic:  3/3        EV: 12    Int: 10    God:
Gold:   0          SH:  0    Dex: 14    Spells: 2/2 levels left

rFire   . . .      SeeInvis .   a - +0 hand axe
rCold   . . .      Faith    .   (no shield)
rNeg    . . .      Spirit   .   b - +0 leather armour
rPois   .          Reflect  .   (no helmet)
rElec   .          Harm     .   (no cloak)
rCorr   .          Rampage  .   (no gloves)
Will    .....                   (no boots)
Stlth   +.........              (no amulet)
HPRegen 0.09/turn               (no ring)
MPRegen 0.08/turn               (no ring)

@: confused, hasted, very quick
A: no striking features
a: no special abilities


You were in the Ecumenical Temple.
You visited 2 branches of the dungeon, and saw 2 of its levels.

Inventory:

Hand Weapons
 a - a +0 hand axe (weapon)
Armour
 b - a +0 leather armour (worn)
Wands
 g - a wand of digging (3)
Scrolls
 c - a scroll of fog
 d - a scroll of magic mapping
 e - a scroll of fear


   Skills:
 + Level 3.2 Fighting
 + Level 2.4 Axes
 + Level 2.3 Dodging
 + Level 5.2 Stealth


You had 2 spell levels left.
You didn't know any spells.
Your spell library was empty.

Dungeon Overview and Level Annotations

Branches:
Dungeon (5/15)             Temple (1/1) D:5

Altars:


Message History

You feel yourself speed up.
The orc wizard hits you with a +0 dagger.
The orc barely misses you.
You barely miss the orc.
The orc is heavily wounded.
You barely miss the orc wizard. Your punch misses the orc wizard.
You hit the orc wizard but do no damage.
You hit the orc.
The orc wizard hits you with a +0 dagger.
The orc barely misses you.
You hit the orc wizard.
The orc wizard is moderately wounded.
You barely miss the orc. You completely miss the orc wizard.
The orc wizard is moderately wounded.
You hit the orc but do no damage.
The orc wizard hits you with a +0 dagger.
The orc hits you with a +0 whip.
You hit the orc wizard.
The orc wizard is severely wounded.
You hit the orc but do no damage.
The orc wizard gestures at you while chanting.
You are confused.
The orc hits you but does no damage.
You slash the orc wizard!
You kill the orc wizard!
You hit the orc but do no damage. The orc hits you with a +0 whip.
* * * LOW HITPOINT WARNING * * *
You have reached level 2!
You have reached level 3!
Your experience leads to an increase in your attributes!
Increase (S)trength, (I)ntelligence, or (D)exterity?
You feel stronger. x2
You closely miss the orc.
The orc is almost dead.
The orc hits you with a +0 whip.
* * * LOW HITPOINT WARNING * * *
You're too confused to move!
You nearly stumble into some lava!
The orc hits you with a +0 whip.
You die...

## ...########
≈≈≈.......#
§§≈≈≈§§.o.#
§§§§≈§§@).#
§≈§≈§§§.≈≈.#
§≈§§§§§.≈≈≈.#
§≈§§§§≈.≈≈≈≈.#
≈≈≈≈§§§§≈≈≈≈≈.#
≈§≈§§≈.≈≈≈≈≈≈≈.#
§≈≈≈≈≈.≈≈≈≈≈≈≈≈.
§≈§§≈≈.≈≈≈≈≈≈≈≈


You could see an orc.

Vanquished Creatures
  An orc wizard (Temple)
1 creature vanquished.

Notes
Turn   | Place    | Note
-------+----------+-------------------------------------------
     0 | D:5      | blackman the Human Delver began the quest for the Orb.
     0 | D:5      | Reached XP level 1. HP: 18/18 MP: 1/1
     1 | D:5      | Found a staircase to the Ecumenical Temple.
     5 | D:5      | Noticed an orc wizard
     5 | D:5      | Noticed an orc wizard
    12 | Temple   | Entered the Ecumenical Temple
    21 | Temple   | Killed an orc wizard
    22 | Temple   | Reached XP level 2. HP: 5/24 MP: 2/2
    22 | Temple   | Reached XP level 3. HP: 6/29 MP: 3/3
    24 | Temple   | Slain by an orc

Illustrated notes

Levels and vault maps discovered:
D:5:      layout_rooms, minmay_temple_entry_purple_smoke,
          kennysheep_cluttered_room, uniq_eustachio
Temple:   mainiacjoe_temple_archimedes_tessellation

Action                   || total
-------------------------++-------
Melee: Hand axe          ||     8
  Use: Potion            ||     1
Armor: Leather armour    ||     2
Dodge: Dodged            ||     5

Table legend: (Time is in decaauts)
 A = Elapsed time spent in this place.
 B = Non-inter-level travel time spent in this place.
 C = Inter-level travel time spent in this place.
 D = Time resting spent in this place.
 E = Time spent auto-exploring this place.
 F = Levels seen in this place.
 G = Mean time per level.
                   A        B        C        D        E       F      G
               +--------+--------+--------+--------+--------+-----+--------+
         Total |     21 |     21 |      0 |      0 |      0 |   2 |   10.5 |
       Dungeon |     12 |     12 |      0 |      0 |      0 |   1 |   12.0 |
        Temple |      9 |      9 |      0 |      0 |      0 |   1 |    9.0 |
               +--------+--------+--------+--------+--------+-----+--------+

Top non-repeatable levels by time:
     D:5: 12 daAuts
  Temple: 9 daAuts
